 Dungeon Crawl Stone Soup version 0.20.2-3-g29329e0561 (webtiles) character file.

1685 Alfie the Carver (level 8, 0/71 HPs)
             Began as a Minotaur Fighter on Dec 2, 2020.
             Slain by an orc warrior
             ... wielding a +0 flail
              (16 damage)
             ... on level 6 of the Dungeon.
             The game lasted 00:11:39 (3393 turns).

Alfie the Carver (Minotaur Fighter)                 Turns: 3393, Time: 00:11:40

Health: 0/71       AC:  7    Str: 25    XL:     8   Next: 71%
Magic:  7/7        EV: 10    Int:  5    God:
Gold:   484        SH: 11    Dex: 13    Spells: 6/7 levels left

rFire    + . .     SeeInvis .   a - +0 long sword
rCold    . . .     Gourm    .   c - +0 shield
rNeg     . . .     Faith    .   p - +0 scale mail
rPois    .         Spirit   .   (helmet restricted)
rElec    .         Reflect  .   (no cloak)
rCorr    .         Harm     .   (no gloves)
MR       .....                  (no boots)
Stlth    ..........             (no amulet)
Regen    0.3/turn               k - +4 ring of dexterity
MPRegen  0.1/turn               b - +3 ring of strength

@: no status effects
A: retaliatory headbutt, horns 2, fire resistance 1, weak 1
a: no special abilities


You were on level 6 of the Dungeon.
You were not hungry.

You visited 1 branch of the dungeon, and saw 6 of its levels.
You also visited: Ossuary.

You collected 484 gold pieces.

Inventory:

Hand Weapons
 a - a +0 long sword (weapon)
Armour
 c - a +0 shield (worn)
 p - a +0 scale mail (worn)
Jewellery
 b - a +3 ring of strength (right hand)
 i - a cursed ring of teleportation {unknown}
 j - an uncursed ring of resist corrosion
 k - a +4 ring of dexterity (left hand)
 v - an uncursed ring of protection from fire {unknown}
Wands
 e - a wand of disintegration (7/24)
 l - a wand of polymorph (21/24)
 r - a wand of iceblast (6/15)
Scrolls
 m - a scroll of fear
 n - 2 scrolls of identify
 o - 4 scrolls of fog
 x - a scroll of teleportation {unknown}
Potions
 d - 2 potions of resistance {unknown}
 g - 2 potions of heal wounds
 s - a potion of cancellation {unknown}
 u - 2 potions of agility {unknown}
Books
 q - a book of Changes

   Spells                             Type                      Level
   a - Beastly Appendage              Transmutation                1
   b - Sticks to Snakes               Transmutation                2
   c - Spider Form                    Transmutation/Poison         3
   d - Ice Form                       Ice/Transmutation            4
   e - Blade Hands                    Transmutation                5
Comestibles
 f - 2 bread rations
 h - 2 royal jellies
 w - 2 fruits


   Skills:
 + Level 6.3 Fighting
 + Level 8.7 Long Blades
 + Level 7.1 Armour
 + Level 3.0 Dodging
 + Level 0.1 Stealth
 + Level 6.5 Shields


You had 6 spell levels left.
You knew the following spells:

 Your Spells              Type           Power        Failure   Level  Hunger
a - Beastly Appendage     Tmut           #.....       98%         1    ##.....


Dungeon Overview and Level Annotations

Branches:
Dungeon (6/15)             Temple (0/1) D:4

Altars:
Ashenzari
Cheibriados
Dithmenos
Kikubaaqudgha
Trog
Uskayaw
Yredelemnul


Innate Abilities, Weirdness & Mutations

You reflexively headbutt those who attack you in melee.
You have a pair of horns on your head.
Your flesh is heat resistant. (rF+)
You are weak. (Str -2)


Message History

The orc warrior hits you with a flail.
The orc priest calls down the wrath of Beogh upon you.
Beogh smites you!
You barely miss the orc warrior.
The orc warrior is almost dead.
The orc warrior hits you but does no damage.
You hit the orc warrior but do no damage.
The orc warrior is almost dead.
You block the orc warrior's attack.
You hit the orc warrior but do no damage.
The orc warrior is almost dead.
The orc priest calls upon Beogh to heal the orc warrior.
The orc warrior is healed somewhat.
The orc warrior hits you with a flail!!
* * * LOW HITPOINT WARNING * * *
You closely miss the orc warrior.
The orc warrior is severely wounded.
You hit the orc warrior.
The orc warrior is almost dead.
The orc warrior hits you with a flail!
You die...

....####...# ....#
#...# ....# #...# #
....# ##...##.#
....# #.......#
###.# #....####
#.###....#
#.##.....###########
#.............@ooo.#
#.†......#########.#
####.#.....#
...........#
###.#......# #
#.#......##
###.#........
...........##
.###.###...#


You could see an orc warrior, an orc priest and an orc.

Vanquished Creatures
  The ghost of Alfie the Slasher, a novice MiFi (D:5)
  The ghost of Alfie the Slasher, an amateur MiFi (D:4)
  2 phantoms
  An ogre (D:5)
  A centaur (D:5)
  A big kobold (D:5)
  Blork the orc (D:4)
  A scorpion (D:4)
  A crimson imp (D:6)
  A centaur zombie (Ossuary)
  3 hounds
  A jelly (D:5)
  An orc priest (D:5)
  A centaur skeleton (D:5)
  Ijyb (D:4)
  3 worker ants
  5 big kobold zombies (Ossuary)
  2 mummies (Ossuary)
  A gnoll (D:1)
  6 adders
  A shadow imp (D:5)
  An ooze (D:3)
  A dart slug (D:1)
  6 leopard geckos
  11 orcs
  6 bats
  2 giant cockroaches
  A gnoll zombie (Ossuary)
  10 hobgoblins
  8 jackals
  11 kobolds
  3 quokkas
  5 frilled lizards
  4 goblins
  2 goblin zombies (Ossuary)
  3 hobgoblin zombies (Ossuary)
  2 orc zombies (Ossuary)
  5 rats
117 creatures vanquished.

Notes
Turn   | Place    | Note
-------+----------+-------------------------------------------
     0 | D:1      | Alfie the Minotaur Fighter began the quest for the Orb.
     0 | D:1      | Reached XP level 1. HP: 19/19 MP: 0/0
   162 | D:1      | Reached XP level 2. HP: 26/27 MP: 1/1
   307 | D:1      | Reached skill level 3 in Long Blades
   611 | D:1      | Reached XP level 3. HP: 33/33 MP: 2/2
   949 | D:2      | Found a basalt altar of Yredelemnul.
   954 | D:2      | Found a shadowy altar of Dithmenos.
   955 | D:2      | Found a bloodstained altar of Trog.
   956 | D:2      | Found a snail-covered altar of Cheibriados.
   970 | D:2      | Found a shattered altar of Ashenzari.
  1024 | D:2      | Found an ancient bone altar of Kikubaaqudgha.
  1265 | D:3      | Reached XP level 4. HP: 40/40 MP: 3/3
  1486 | D:3      | Learned a level 1 spell: Beastly Appendage
  1599 | D:4      | Noticed Ijyb
  1603 | D:4      | Killed Ijyb
  1603 | D:4      | Reached skill level 4 in Long Blades
  1644 | D:4      | Reached XP level 5. HP: 43/47 MP: 4/4
  1674 | D:4      | Found a sand-covered staircase.
  1679 | Ossuary  | Entered an ossuary
  1720 | Ossuary  | Gained mutation: You are weak. (Str -2) [potion of mutation]
  1720 | Ossuary  | Gained mutation: Your flesh is heat resistant. (rF+) [potion of mutation]
  1725 | Ossuary  | Reached skill level 5 in Armour
  1725 | Ossuary  | Reached skill level 1 in Dodging
  1746 | Ossuary  | Reached XP level 6. HP: 35/53 MP: 5/5
  1870 | D:4      | Noticed Alfie's ghost (amateur MiFi)
  1883 | D:4      | Killed Alfie's ghost
  1883 | D:4      | Reached skill level 5 in Fighting
  1883 | D:4      | Reached skill level 5 in Long Blades
  1883 | D:4      | Reached skill level 5 in Shields
  1883 | D:4      | Reached XP level 7. HP: 46/61 MP: 6/6
  1906 | D:4      | Noticed Blork the orc
  1914 | D:4      | Killed Blork the orc
  1914 | D:4      | Reached skill level 6 in Long Blades
  2008 | D:4      | Found a staircase to the Ecumenical Temple.
  2355 | D:5      | Entered Level 5 of the Dungeon
  2736 | D:5      | Found a hide-covered altar of Uskayaw.
  2746 | D:5      | Reached skill level 7 in Long Blades
  2852 | D:5      | Reached XP level 8. HP: 61/70 MP: 7/7
  2941 | D:5      | Noticed Alfie's ghost (novice MiFi)
  2971 | D:5      | Killed Alfie's ghost
  2971 | D:5      | Reached skill level 8 in Long Blades
  3393 | D:6      | Slain by an orc warrior

Skill      XL: |  1  2  3  4  5  6  7  8 |
---------------+-------------------------+-----
Long Blades    | 3 4 5 7 8 |  8.7
Fighting       | 4 5 6 |  6.3
Shields        | 4 5 6 |  6.5
Armour         | 4 5 6 7 |  7.1
Dodging        | 1 2 3 |  3.0
Stealth        | |  0.1

Action                   |  1- 3 |  4- 6 |  7- 9 || total
-------------------------+-------+-------+-------++-------
Melee: Long sword        |    75 |    93 |   148 ||   316
       Headbutt          |    20 |    31 |    37 ||    88
  Use: Scroll            |     3 |     4 |     6 ||    13
       Potion            |       |     4 |     2 ||     6
  Eat: Royal jelly       |     1 |       |       ||     1
       Fruit             |       |     1 |     1 ||     2
       Bread ration      |       |     1 |       ||     1
Armor: Scale mail        |    36 |    51 |    32 ||   119
Dodge: Dodged            |    18 |    48 |    46 ||   112
Block: Shield            |    36 |    70 |    83 ||   189
       Rpst.: Long sword |     3 |    17 |    18 ||    38
